 Dungeon Crawl Stone Soup version 0.31-a0-1570-g93c622d222 (webtiles) character file.

Game seed: 12802040308174324940

350 jlumianski the Ruffian (level 6, 0/47 HPs)
             Began as a Gnoll Shapeshifter on Jan 3, 2024.
             Killed from afar by an orc wizard (2 damage)
             ... with a magic dart
             ... on level 4 of the Dungeon.
             The game lasted 00:11:59 (2927 turns).

jlumianski the Ruffian (Gnoll Shapeshifter)         Turns: 2927, Time: 00:11:59

Health: 0/47       AC: 10    Str: 15    XL:     6   Next: 60%
Magic:  9/9        EV:  5    Int: 10    God:
Gold:   119        SH:  0    Dex: 11    Spells: 9/9 levels left

rFire   . .          .
                       - Unarmed
rCold   . . .        (no shield)
rNeg    . . .        r - +0 plate armour
rPois   +            (helmet currently unavailable)
rElec   .            (cloak currently unavailable)
rCorr   .            (gloves currently unavailable)
SInv    .            (boots currently unavailable)
Will    .....        (no amulet) Stlth
                     n - ring of poison resistance
HPRegen 0.27/turn    (no ring)
MPRegen 0.11/turn

%: no passive effects
@: beast-form, attractive
A: beast (slay +3), fangs 1, strong nose, distributed training
a: Begin Untransformation


You were on level 4 of the Dungeon.
You were a hulking beast.
You visited 1 branch of the dungeon, and saw 4 of its levels.

You collected 119 gold pieces.

Inventory:

Hand Weapons
 g - a +2 long sword of freezing
Missiles
 h - 4 darts of dispersal
 l - 4 boomerangs
 v - 5 poisoned darts (quivered)
Armour
 a - a +0 animal skin
 e - a +0 ring mail
 r - a +0 plate armour (worn)
Jewellery
 n - a ring of poison resistance (left hand)
 s - an amulet of magic regeneration
Talismans
 c - a beast talisman
 d - a flux talisman
Scrolls
 b - a scroll of teleportation
 i - a scroll of enchant weapon
 j - a scroll of amnesia
 k - 2 scrolls of noise
 o - a scroll of poison {unknown}
 p - a scroll of vulnerability {unknown}
 q - 2 scrolls of fog {unknown}
 t - a scroll of butterflies {unknown}
 u - 2 scrolls of silence {unknown}
Potions
 m - a potion of attraction


   Skills:
 + Level 3.3 Fighting
 + Level 2.1 Short Blades
 + Level 2.1 Long Blades
 + Level 2.1 Axes
 + Level 2.1 Maces & Flails
 + Level 2.1 Polearms
 + Level 2.1 Staves
 + Level 2.1 Ranged Weapons
 + Level 2.1 Throwing
 + Level 2.1 Armour
 + Level 5.0 Dodging
 + Level 2.1 Stealth
 + Level 2.1 Shields
 + Level 6.9 Unarmed Combat
 + Level 2.1 Spellcasting
 + Level 1.6 Conjurations
 + Level 1.6 Hexes
 + Level 1.6 Summonings
 + Level 1.6 Necromancy
 + Level 1.6 Translocations
 + Level 1.6 Fire Magic
 + Level 1.6 Ice Magic
 + Level 1.6 Air Magic
 + Level 1.6 Earth Magic
 + Level 1.6 Alchemy
 + Level 2.3 Invocations
 + Level 2.1 Evocations
 + Level 6.8 Shapeshifting


You had 9 spell levels left.
You didn't know any spells.
Your spell library contained the following spells:

 Spells                   Type           Power      Damage    Failure   Level
 Freeze                   Ice            16%        1d4       100%        1
 Frozen Ramparts          Ice            8%         1d2       100%        3
 Gell's Gravitas          Tloc           4%         N/A       100%        3
 Hailstorm                Conj/Ice       4%         3d5       100%        3
 Teleport Other           Tloc           4%         N/A       100%        3
 Dispersal                Tloc           2%         N/A       100%        6


Dungeon Overview and Level Annotations

Branches:
Dungeon (4/15)
 Temple: D:4-7

Altars:
Fedhas
Wu Jian


Innate Abilities, Weirdness & Mutations

You are a hulking beast.
Your limbs bulge with bestial killing power. (Slay +3)
You have very sharp teeth.
Your uncanny sense of smell can sniff out nearby items.
Your experience applies equally to all skills.


Message History

The bush looks even sicker.
You closely miss the adder. You punch the adder.
You kill the adder!
The orc wizard hits you with a +2 dagger of venom.
The orc priest hits the bush with a +0 club.
You hit the orc wizard.
The orc wizard is moderately wounded.
The orc wizard hits you but does no damage.
You are poisoned.
The orc priest mumbles some strange prayers to Beogh against you.
Beogh smites you!
* * * LOW HITPOINT WARNING * * *
You feel better.
The orc wizard mumbles some strange words.
The orc wizard flickers and vanishes!
Deactivating autopickup; reactivate with Ctrl-A.
The orc priest hits the bush but does no damage.
You closely miss something. Your bite misses something. Something hits you.
* * * LOW HITPOINT WARNING * * *
The orc priest hits the bush but does no damage.
You barely miss something. Something hits you.
* * * LOW HITPOINT WARNING * * *
The orc priest hits the bush but does no damage.
You completely miss something. Something hits you but does no damage.
You are lethally poisoned!
The orc priest hits the bush with a +0 club.
You feel better.
You hear some strange, mumbled words.
Something tries to affect you, but you resist.
The orc priest mumbles some strange prayers to Beogh against you.
Beogh smites you!
* * * LOW HITPOINT WARNING * * *
You feel attractive to monsters. Something hits you but does no damage.
The orc priest hits the bush but does no damage.
You punch something!
You hear some strange, mumbled words.
A magic dart appears from out of thin air!
The magic dart hits you.
You die... .........### ..PPPPP....#### PP...PPP.....###### PP ......PPPP.#...##.# PP.. ..PPP.o..P.###....# PP...
PPPPPP.....# ###.## P...
PPPPP...PPPPo.#

##.#
..PPPPPP..._...PPP.#
### .PPP.....#
..#.{h..# PP.....#
## ##.#### ......##
... #...### #### ∆
..### ).# ..# ∆ ..#
###


You could see an orc priest.

Vanquished Creatures
  Sigmund (D:2)
  Jessica (D:2)
  An orc wizard (D:3)
  7 adders
  3 dart slugs
  A ribbon worm (D:3)
  6 orcs (D:3)
  6 endoplasms
  8 hobgoblins
  7 jackals
  2 quokkas
  5 ball pythons
  4 bats
  3 frilled lizards
  4 goblins
  2 kobolds
  8 rats
69 creatures vanquished.

Notes
Turn   | Place    | Note
-------+----------+-------------------------------------------
     0 | D:1      | jlumianski the Gnoll Shapeshifter began the quest for the
                  | Orb.
     0 | D:1      | Reached XP level 1. HP: 17/17 MP: 1/1
   309 | D:1      | Found a faded altar of an unknown god.
   320 | D:1      | Reached XP level 2. HP: 23/23 MP: 2/2
   656 | D:1      | Reached XP level 3. HP: 28/28 MP: 3/3
  1028 | D:2      | Noticed Sigmund
  1047 | D:2      | Killed Sigmund
  1048 | D:2      | Reached skill level 1 in Short Blades
  1048 | D:2      | Reached skill level 1 in Long Blades
  1048 | D:2      | Reached skill level 1 in Axes
  1048 | D:2      | Reached skill level 1 in Maces & Flails
  1048 | D:2      | Reached skill level 1 in Polearms
  1048 | D:2      | Reached skill level 1 in Staves
  1048 | D:2      | Reached skill level 1 in Ranged Weapons
  1048 | D:2      | Reached skill level 1 in Throwing
  1048 | D:2      | Reached skill level 1 in Armour
  1048 | D:2      | Reached skill level 1 in Stealth
  1048 | D:2      | Reached skill level 1 in Shields
  1048 | D:2      | Reached skill level 1 in Spellcasting
  1048 | D:2      | Reached skill level 1 in Conjurations
  1048 | D:2      | Reached skill level 1 in Hexes
  1048 | D:2      | Reached skill level 1 in Summonings
  1048 | D:2      | Reached skill level 1 in Necromancy
  1048 | D:2      | Reached skill level 1 in Translocations
  1048 | D:2      | Reached skill level 1 in Fire Magic
  1048 | D:2      | Reached skill level 1 in Ice Magic
  1048 | D:2      | Reached skill level 1 in Air Magic
  1048 | D:2      | Reached skill level 1 in Earth Magic
  1048 | D:2      | Reached skill level 1 in Alchemy
  1048 | D:2      | Reached skill level 1 in Invocations
  1048 | D:2      | Reached skill level 1 in Evocations
  1048 | D:2      | Reached XP level 4. HP: 24/35 MP: 4/6
  1048 | D:2      | Reached XP level 5. HP: 28/41 MP: 4/7
  1217 | D:2      | Noticed Jessica
  1220 | D:2      | Killed Jessica
  1221 | D:2      | Reached XP level 6. HP: 30/47 MP: 8/8
  1908 | D:3      | Reached skill level 5 in Dodging
  2837 | D:4      | Found a blossoming altar of Fedhas.
  2915 | D:4      | Found an ornate altar of the Wu Jian Council.
  2920 | D:4      | HP: 2/47 [orc priest/divine providence (14)]
  2925 | D:4      | HP: 1/47 [orc priest/divine providence (13)]
  2927 | D:4      | Killed from afar by an orc wizard

Illustrated notes

Levels and vault maps discovered:
D:1:      ldierk_walled_garden_2, layout_basic,
          hellmonk_ecumenical_altar_arch_garden
D:2:      layout_basic, uniq_jessica, uniq_sigmund
D:3:      layout_rooms, serial_corexii_hall, corexii_hall_statues_s,
          corexii_hall_statues_x, grunt_ministairs_6
D:4:      layout_cave_pods, fedhas_altar_1, mainiacjoe_overflow_catch_the_wave,
          minmay_goblin_outpost

Skill      XL: |  1  2  3  4  5  6 |
---------------+-------------------+-----
Fighting       | 3 |  3.3
Short Blades   | 1 2 |  2.1
Long Blades    | 1 2 |  2.1
Axes           | 1 2 |  2.1
Maces & Flails | 1 2 |  2.1
Polearms       | 1 2 |  2.1
Staves         | 1 2 |  2.1
Ranged Weapons | 1 2 |  2.1
Throwing       | 1 2 |  2.1
Armour         | 1 2 |  2.1
Stealth        | 1 2 |  2.1
Shields        | 1 2 |  2.1
Spellcasting   | 1 2 |  2.1
Conjurations   | 1 |  1.6
Hexes          | 1 |  1.6
Summonings     | 1 |  1.6
Necromancy     | 1 |  1.6
Translocations | 1 |  1.6
Fire Magic     | 1 |  1.6
Ice Magic      | 1 |  1.6
Air Magic      | 1 |  1.6
Earth Magic    | 1 |  1.6
Alchemy        | 1 |  1.6
Invocations    | 1 2 |  2.3
Evocations     | 1 2 |  2.1
Dodging        | 5 |  5.0
Unarmed Combat | |  6.9
Shapeshifting  | |  6.8

Action                     |  1- 3 |  4- 6 || total
---------------------------+-------+-------++-------
  Melee: Unarmed           |    48 |   114 ||   162
         Bite              |     1 |     2 ||     3
         Punch             |     1 |     2 ||     3
    Use: Scroll            |     5 |     2 ||     7
         Potion            |     2 |     3 ||     5
 Armour: Ring mail         |    28 |    26 ||    54
         Skin              |    19 |    12 ||    31
         Plate armour      |       |    67 ||    67
  Dodge: Dodged            |    39 |    50 ||    89

Table legend: (Time is in decaauts)
 A = Elapsed time spent in this place.
 B = Non-inter-level travel time spent in this place.
 C = Inter-level travel time spent in this place.
 D = Time resting spent in this place.
 E = Time spent auto-exploring this place.
 F = Levels seen in this place.
 G = Mean time per level.
                   A        B        C        D        E       F      G
               +--------+--------+--------+--------+--------+-----+--------+
         Total |   2921 |   2837 |     84 |     38 |   1575 |   4 |  730.2 |
       Dungeon |   2921 |   2837 |     84 |     38 |   1575 |   4 |  730.2 |
               +--------+--------+--------+--------+--------+-----+--------+

Top non-repeatable levels by time:
     D:2: 991 daAuts
     D:1: 986 daAuts
     D:3: 746 daAuts
     D:4: 196 daAuts
